 Dungeon Crawl Stone Soup version 0.30-a0-1075-gcd70e7a56d (webtiles) character file.

Game seed: 4767203366959292703

145 Adrian566 the Sneak (level 5, 0/35 HPs)
             Began as an Octopode Brigand on Apr 15, 2023.
             Killed by divine providence
             ... invoked by an orc priest
              (10 damage)
             ... on level 3 of the Dungeon.
             The game lasted 00:02:17 (1928 turns).

Adrian566 the Sneak (Octopode Brigand)              Turns: 1928, Time: 00:02:18

Health: 0/35       AC:  8    Str: 10    XL:     5   Next: 27%
Magic:  5/5        EV: 13    Int: 11    God:
Gold:   163        SH:  0    Dex: 16    Spells: 4/4 levels left

rFire   . . .      SeeInvis .    g - +4 rapier of Mastery {protect, rN+ rCorr Int-2}
rCold   . . .      Faith    .    (no shield)
rNeg    + . .      Spirit   .    (helmet restricted)
rPois   .          Reflect  .    (no amulet)
rElec   .          Rampage  .    (no ring)
rCorr   +                        (no ring)
Will    .....                    (no ring)
Stlth   +++++                    (no ring)
HPRegen 0.25/turn                (no ring)
MPRegen 0.09/turn                (no ring)
                                 (no ring)
                                 (no ring)

@: mighty, under a protective aura, invisible
A: almost no armour, amphibious, 8 rings, camouflage 1, gelatinous body 1,
(nimble swimmer 1), tentacles
a: no special abilities


You were on level 3 of the Dungeon.
You visited 1 branch of the dungeon, and saw 3 of its levels.

You collected 163 gold pieces.

Inventory:

Hand Weapons
 a - a +2 dagger
 g - the +4 rapier of Mastery (weapon) {protect, rN+ rCorr Int-2}
   (You found it on level 2 of the Dungeon)

   Int:       It affects your intelligence (-2).
   rN:        It protects you from negative energy.
   rCorr:     It protects you from acid and corrosion.
Missiles
 b - 20 poisoned darts (quivered)
 c - 3 curare-tipped darts
Jewellery
 i - a +6 ring of intelligence
Scrolls
 k - a scroll of torment
 o - a scroll of magic mapping
Potions
 f - 2 potions of curing
 l - a potion of haste {unknown}
 m - a potion of berserk rage {unknown}


   Skills:
 + Level 2.6 Fighting
 + Level 2.7 Short Blades
 + Level 2.1 Throwing
 + Level 1.1 Dodging
 * Level 7.9 Stealth


You had 4 spell levels left.
You didn't know any spells.
Your spell library was empty.

Dungeon Overview and Level Annotations

Branches:
Dungeon (3/15)

Altars:


Innate Abilities, Weirdness & Mutations

You cannot wear most types of armour.
You are amphibious.
You can wear up to eight rings at the same time.
Your skin changes colour to match your surroundings (Stealth+).
Your rubbery body absorbs attacks. (AC +1, EV +1)
((You are camouflaged when in or above water. (Stealth+)))
You have tentacles for arms and can constrict up to eight enemies at once.


Message History

You swing at nothing.
You swing at nothing.
You swing at nothing.
You swing at nothing.
You start waiting.
An orc priest is nearby!
The orc priest shouts! x2; You hear a shout!
The orc priest closely misses you.
The orc priest calls down the wrath of Beogh upon you.
Pain shoots through your body!
The orc shouts!
The orc priest mumbles some strange prayers to Beogh against you.
Beogh smites you!
Unknown command.
You feel much better. The orc priest hits you with a +0 club.
The orc hits you with a +0 war axe.
The orc priest hits you with a +0 war axe.
You fade into invisibility!
The orc priest hits you with a +0 club.
The orc priest hits you with a +0 war axe!
The orc closely misses you.
You feel very mighty all of a sudden. The orc priest barely misses you.
The orc priest misses you. The orc hits you with a +0 war axe.
* * * LOW HITPOINT WARNING * * *
The orc misses you.
You puncture the orc priest!
Your weapon exudes an aura of protection.
You grab the orc priest.
The orc priest is heavily wounded.
You constrict the orc priest. The orc hits you but does no damage.
The orc priest barely misses you. The orc misses you.
The orc priest hits you but does no damage.
You strike the helpless orc priest from behind!
You impale the orc priest!!
You kill the orc priest!
The orc hits you but does no damage.
The orc priest calls down the wrath of Beogh upon you.
Beogh smites you!
You die...

#.# #.#
#######.###.#
............##
#######.##...####
#.##......#
#(##.######
#####.##.##
#....)...o#
#.###.......o@#
#.#.........o)#
###..<..........#
.......######.###
#......## ##.#
#.......# ##..#
........###..##
..........#.##
##..o..##...#


You could see an orc priest (unable to see you) and 2 orcs.

Vanquished Creatures
  An orc priest (D:3)
  An iguana (D:3)
  3 gnolls (D:3)
  3 adders (D:2)
  A worm (D:2)
  A dart slug (D:2)
  2 orcs (D:3)
  3 bats (D:1)
  An endoplasm (D:2)
  3 giant cockroaches (D:2)
  7 goblins
  2 hobgoblins (D:1)
  6 jackals
  7 kobolds
  2 quokkas
  5 ball pythons
  4 frilled lizards
  4 rats
56 creatures vanquished.

Notes
Turn   | Place    | Note
-------+----------+-------------------------------------------
     0 | D:1      | Adrian566 the Octopode Brigand began the quest for the Orb.
     0 | D:1      | Reached XP level 1. HP: 14/14 MP: 1/1
   110 | D:1      | Reached XP level 2. HP: 19/19 MP: 2/2
   291 | D:1      | You fall into a shaft and drop 1 floor!
   390 | D:2      | Reached skill level 6 in Stealth
   473 | D:2      | Reached XP level 3. HP: 24/24 MP: 3/3
   563 | D:2      | Identified the +4 rapier of Mastery {protect, rN+ rCorr
                  | Int-2}
   713 | D:2      | Found a faded altar of an unknown god.
   806 | D:2      | Reached XP level 4. HP: 30/30 MP: 4/4
   892 | D:2      | Reached skill level 7 in Stealth
  1612 | D:3      | Reached XP level 5. HP: 31/35 MP: 5/5
  1928 | D:3      | Killed from afar by an orc priest

Illustrated notes

Levels and vault maps discovered:
D:1:      dpeg_arrival_pits, layout_loops_ring, dk_noncrumbling_3,
          roderic_nine_men_s_morris, minmay_tripent
D:2:      layout_basic, dreamdust_ecumenical_altar_angels_and_demons,
          minmay_small_reverse_x
D:3:      layout_rooms

Skill      XL: |  1  2  3  4 |
---------------+-------------+-----
Stealth        | 6 7 |  7.9
Fighting       | |  2.6
Short Blades   | |  2.7
Throwing       | |  2.1
Dodging        | |  1.1

Action                     |  1- 3 |  4- 6 || total
---------------------------+-------+-------++-------
  Melee: Dagger            |    46 |       ||    46
         Constrict         |    16 |    10 ||    26
         Tentacles         |     6 |     3 ||     9
         Rapier            |    11 |    39 ||    50
    Use: Potion            |       |     6 ||     6
         Scroll            |       |     4 ||     4
   Stab: Sleeping          |     7 |     9 ||    16
         Invisible         |       |     1 ||     1
 Armour: Skin              |     3 |    13 ||    16
  Dodge: Dodged            |    31 |    31 ||    62

Table legend: (Time is in decaauts)
 A = Elapsed time spent in this place.
 B = Non-inter-level travel time spent in this place.
 C = Inter-level travel time spent in this place.
 D = Time resting spent in this place.
 E = Time spent auto-exploring this place.
 F = Levels seen in this place.
 G = Mean time per level.
                   A        B        C        D        E       F      G
               +--------+--------+--------+--------+--------+-----+--------+
         Total |   1927 |   1841 |     86 |     19 |   1412 |   3 |  642.3 |
       Dungeon |   1927 |   1841 |     86 |     19 |   1412 |   3 |  642.3 |
               +--------+--------+--------+--------+--------+-----+--------+

Top non-repeatable levels by time:
     D:2: 834 daAuts
     D:1: 705 daAuts
     D:3: 387 daAuts
